[Event "Winter Chess Classic-A 2018"]
[Site "Saint Louis"]
[Date "2018.11.11"]
[Round "7"]
[White "Robson, Ray"]
[Black "Sevian, Samuel"]
[Result "1/2-1/2"]
[ECO "C65"]
[WhiteElo "2676"]
[BlackElo "2641"]
[Annotator "RC"]
[PlyCount "150"]
[EventDate "2018.11.05"]
[EventType "tourn"]
[EventCountry "USA"]
[SourceTitle "playchess.com"]
[Source "ChessBase"]
[SourceQuality "1"]
[TimeControl "40/5400+30:1800+30"]

1. e4 e5 2. Nf3 Nc6 3. Bb5 Nf6 4. d3 d6 5. O-O Bd7 6. c4 g6 7. h3 Bg7 8. Nc3 O-O 9. Be3 Nb8 10. Bxd7 Nbxd7 11. Qb3 b6 12. d4 exd4 13. Nxd4 Nc5 14. Qc2 Re8 15. f3 Nh5 16. Qd2 Qc8 17. Rad1 Qb7 18. Bh6 Bh8 19. Nd5 c6 20. Ne3 Rad8 21. Ne2 b5 22. cxb5 Qxb5 23. Nc3 Qb4 24. Ng4 Ne6 25. Be3 Bg7 26. Rf2 a5 27. Qc2 Nhf4 28. Qc1 h5 29. Bxf4 hxg4 30. fxg4 Nxf4 31. Qxf4 Rd7 32. Qd2 Be5 33. Kh1 Rb7 34. Qc2 Qc5 35. Rd3 Rb4 36. g3 a4 37. a3 Rb3 38. Qe2 Reb8 39. Qf3 Qc4 40. Rdd2 Bxc3 41. bxc3 Rxc3 42. Qf6 Rxg3 43. Kh2 Qb3 44. Qxf7+ Qxf7 45. Rxf7 Rxa3 46. Rf6 Kg7 47. Rfxd6 Rh8 48. Kg2 Rhxh3 49. Rxc6 Rag3+ 50. Kf2 Rxg4 51. Rd4 a3 52. Ra6 Rgg3 53. Rdd6 Rf3+ 54. Kg2 Rhg3+ 55. Kh2 Rb3 56. e5 Rg5 57. e6 Re5 58. Rd2 Kf6 59. Rf2+ Kg5 60. Rg2+ Kh5 61. Ra2 Ree3 62. e7 Rxe7 63. R6xa3 Rb6 64. Rh3+ Kg5 65. Rg2+ Kf6 66. Rhg3 Kg7 67. Rg1 Re5 68. R1g2 Rc6 69. Rg5 Re1 70. R5g3 Rf6 71. Rg4 Kf7 72. Ra4 Rff1 73. Ra7+ Kf8 74. Rb2 Re7 75. Rxe7 Kxe7 1/2-1/2